 Dungeon Crawl Stone Soup version 0.28.0 (webtiles) character file.

Game seed: 3502848742899897862

224 croobank the Insei (level 6, -2/47 HPs)
             Began as a Gnoll Transmuter on Feb 15, 2022.
             Slain by an orc priest (7 damage)
             ... on level 4 of the Dungeon.
             The game lasted 00:08:14 (3416 turns).

croobank the Insei (Gnoll Transmuter)               Turns: 3416, Time: 00:08:15

Health: -2/47      AC:  3    Str: 15    XL:     6   Next: 0%
Magic:  11/13      EV: 13    Int: 17    God:
Gold:   213        SH:  0    Dex: 13    Spells: 10/15 levels left

rFire   . . .      SeeInvis .   l - +0 hand axe
rCold   . . .      Faith    .   (no shield)
rNeg    . . .      Spirit   .   a - +0 robe
rPois   .          Reflect  .   (helmet currently unavailable)
rElec   +          Harm     .   (no cloak)
rCorr   .          Rampage  .   c - +0 pair of gloves
Will    .....                   (boots currently unavailable)
Stlth   ++........              (no amulet)
HPRegen 0.15/turn               f - ring of Yendor {rElec Str+6 Int+3}
MPRegen 0.13/turn               (no ring)

@: appendages, wereblooded
A: horns 2, talons 2, fangs 1, strong nose, distributed training
a: End Transformation


You were on level 4 of the Dungeon.
You had temporarily grown beastly horns and talons.
You visited 1 branch of the dungeon, and saw 4 of its levels.

You collected 213 gold pieces.

Inventory:

Hand Weapons
 j - a +0 dagger
 l - a +0 hand axe (weapon)
 q - a +1 dagger of speed
Missiles
 g - 2 boomerangs
 h - 45 arrows
 i - 79 stones
 k - 14 bolts
Armour
 a - a +0 robe (worn)
 c - a +0 pair of gloves (worn)
 m - a +0 ring mail
 o - a +0 scale mail
Jewellery
 f - the ring of Yendor (left hand) {rElec Str+6 Int+3}
   (You acquired it on level 2 of the Dungeon)

   [ring of strength]

   Str:       It affects your strength (+6).
   Int:       It affects your intelligence (+3).
   rElec:     It insulates you from electricity.
Wands
 n - a wand of charming (9)
Potions
 b - 2 potions of curing
 d - a potion of attraction {unknown}
 e - a potion of ambrosia {unknown}
 p - a potion of flight {unknown}


   Skills:
 + Level 3.1 Fighting
 + Level 1.7 Short Blades
 + Level 1.7 Long Blades
 + Level 1.7 Axes
 + Level 1.7 Maces & Flails
 + Level 1.7 Polearms
 + Level 1.7 Staves
 + Level 1.7 Slings
 + Level 1.7 Bows
 + Level 1.7 Crossbows
 + Level 1.7 Throwing
 + Level 1.7 Armour
 + Level 4.9 Dodging
 + Level 1.7 Stealth
 + Level 1.7 Shields
 + Level 6.7 Unarmed Combat
 + Level 5.2 Spellcasting
 + Level 1.3 Conjurations
 + Level 1.3 Hexes
 + Level 1.3 Summonings
 + Level 1.3 Necromancy
 + Level 1.3 Translocations
 + Level 4.0 Transmutations
 + Level 1.3 Fire Magic
 + Level 1.3 Ice Magic
 + Level 1.3 Air Magic
 + Level 1.3 Earth Magic
 + Level 1.3 Poison Magic
 + Level 1.9 Invocations
 + Level 1.7 Evocations


You had 10 spell levels left.
You knew the following spells:

 Your Spells              Type           Power      Damage    Failure   Level
a - Beastly Appendage     Tmut           36%        N/A       2%          1
b - Wereblood             Tmut           18%        N/A       4%          2
c - Searing Ray           Conj           18%        2d5       12%         2

Your spell library contained the following spells:

 Spells                   Type           Power      Damage    Failure   Level
 Passwall                 Tmut/Erth      10%        N/A       7%          2
 Magic Dart               Conj           36%        1d4       8%          1
 Sandblast                Erth           18%        2d7       8%          1
 Static Discharge         Conj/Air       9%         N/A       12%         2
 Spider Form              Tmut/Pois      13%        N/A       14%         3
 Stone Arrow              Conj/Erth      18%        3d8       24%         3
 Ice Form                 Ice/Tmut       13%        N/A       41%         4
 Dispel Undead            Necr           9%         3d8       61%         4
 Fulminant Prism          Conj/Hex       4%         3d6       61%         4
 Sticky Flame             Conj/Fire      9%         2d3       61%         4
 Fireball                 Conj/Fire      4%         3d4       91%         5
 Iskenderun's Battlesphe  Conj           9%         2d6       91%         5
 Conjure Ball Lightning   Conj/Air       4%         3x3d6     100%        6
 Orb of Destruction       Conj           4%         9d5       100%        7


Dungeon Overview and Level Annotations

Branches:
Dungeon (4/15)
 Temple: D:4-7

Altars:
Dithmenos
Trog
Wu Jian


Innate Abilities, Weirdness & Mutations

You have temporarily grown beastly horns and talons.
You have very sharp teeth.
Your uncanny sense of smell can sniff out nearby items.
Your experience applies equally to all skills.


Message History

You now have 213 gold pieces (gained 15).
The orc throws a stone.
The stone misses you.
An orc comes into view.
It is wielding a +0 mace and quivering boomerangs of dispersal.
An orc warrior comes into view. It is wielding a +0 battleaxe.
Found a scroll labelled INY RUCKOKKAQ and 13 stones.
Your primal bloodlust has ended.
You open the door.
There is an open door here.
Your horns disappear.
Your talons disappear.
You close the door.
Casting: Wereblood (safe; 4% risk of failure)
Confirm with . or Enter, or press ? or * to list all spells.
You grow a pair of large bovine horns.
Your feet morph into talons.
Casting: Beastly Appendage (safe; 2% risk of failure)
Confirm with . or Enter, or press ? or * to list all spells.
Your blood is infused with primal strength.
Casting: Wereblood (safe; 4% risk of failure)
Confirm with . or Enter, or press ? or * to list all spells.
You don't know that spell.
Casting: Wereblood (safe; 4% risk of failure)
Confirm with . or Enter, or press ? or * to list all spells.
Okay, then.
The orc warrior misses you.
You closely miss the orc warrior.
You punch the orc warrior, but do no damage.
The orc warrior hits you with a +0 battleaxe!
You closely miss the orc warrior.
You claw the orc warrior, but do no damage.
You barely miss the orc priest. Your kick misses the orc priest.
Your punch misses the orc priest.
You hit the orc warrior but do no damage.
The orc warrior hits you with a +0 battleaxe!
* * * LOW HITPOINT WARNING * * *
The orc priest closely misses you.
You barely miss the orc priest. You claw the orc priest.
Your bite misses the orc priest.
The orc priest is moderately wounded.
You hit the orc warrior. The orc warrior misses you.
The orc priest hits you with a +0 falchion!
You die...

## #.?#.+#
##.####....#
.##.....###o.####
..........o..[..#
##..............#
...?.......)†...#
.....#+#.......#
..(. #.#.......#
... #@#.......#
#oo.o.....#
####.###.####
#.....##.#
#.....##.#####
#............#
#............#
#............#
#.....##.#####


You could see an orc warrior, an orc priest and an orc.

Vanquished Creatures
  A water moccasin skeleton (D:4)
  Terence (D:2)
  Jessica (D:3)
  An orc wizard (D:4)
  2 adders
  2 worms
  3 dart slugs
  2 orcs
  A bat (D:1)
  6 endoplasms
  3 giant cockroaches (D:1)
  8 goblins
  8 hobgoblins
  4 quokkas
  7 ball pythons
  2 frilled lizards
  6 kobolds
  3 rats
61 creatures vanquished.

Notes
Turn   | Place    | Note
-------+----------+-------------------------------------------
     0 | D:1      | croobank the Gnoll Transmuter began the quest for the Orb.
     0 | D:1      | Reached XP level 1. HP: 17/17 MP: 6/6
   430 | D:1      | Reached XP level 2. HP: 14/23 MP: 5/7
   665 | D:1      | Learned a level 2 spell: Wereblood
   725 | D:1      | Reached XP level 3. HP: 16/28 MP: 6/9
   852 | D:1      | Reached skill level 5 in Spellcasting
  1384 | D:1      | Reached skill level 1 in Invocations
  1809 | D:2      | Reached skill level 1 in Short Blades
  1809 | D:2      | Reached skill level 1 in Long Blades
  1809 | D:2      | Reached skill level 1 in Axes
  1809 | D:2      | Reached skill level 1 in Maces & Flails
  1809 | D:2      | Reached skill level 1 in Polearms
  1809 | D:2      | Reached skill level 1 in Staves
  1809 | D:2      | Reached skill level 1 in Slings
  1809 | D:2      | Reached skill level 1 in Bows
  1809 | D:2      | Reached skill level 1 in Crossbows
  1809 | D:2      | Reached skill level 1 in Throwing
  1809 | D:2      | Reached skill level 1 in Armour
  1809 | D:2      | Reached skill level 1 in Stealth
  1809 | D:2      | Reached skill level 1 in Shields
  1809 | D:2      | Reached skill level 1 in Evocations
  1840 | D:2      | Learned a level 2 spell: Searing Ray
  1879 | D:2      | Identified a scroll of acquirement
  1891 | D:2      | Acquired the ring of Yendor {rElec Str+6 Int+3}
  2087 | D:2      | Noticed Terence
  2097 | D:2      | Killed Terence
  2098 | D:2      | Reached XP level 4. HP: 23/34 MP: 9/11
  2506 | D:3      | Reached skill level 1 in Conjurations
  2506 | D:3      | Reached skill level 1 in Hexes
  2506 | D:3      | Reached skill level 1 in Summonings
  2506 | D:3      | Reached skill level 1 in Necromancy
  2506 | D:3      | Reached skill level 1 in Translocations
  2506 | D:3      | Reached skill level 1 in Fire Magic
  2506 | D:3      | Reached skill level 1 in Ice Magic
  2506 | D:3      | Reached skill level 1 in Air Magic
  2506 | D:3      | Reached skill level 1 in Earth Magic
  2506 | D:3      | Reached skill level 1 in Poison Magic
  2654 | D:3      | Noticed Jessica
  2657 | D:3      | Killed Jessica
  2658 | D:3      | Reached XP level 5. HP: 16/40 MP: 10/12
  2935 | D:3      | Found an ornate altar of the Wu Jian Council.
  2935 | D:3      | Found a shadowy altar of Dithmenos.
  3259 | D:3      | Found a bloodstained altar of Trog.
  3396 | D:4      | Reached XP level 6. HP: 28/47 MP: 13/13
  3397 | D:4      | Noticed an orc warrior
  3416 | D:4      | Slain by an orc priest

Illustrated notes

Levels and vault maps discovered:
D:1:      dpeg_cavernosity, layout_basic
D:2:      layout_loops_ring, wad_floor_pattern_untrapped, minmay_tromino_v4_b,
          uniq_terence
D:3:      layout_loops_ring, gammafunk_temple_overflow_claw,
          amcnicky_mini_corridor_feature, minmay_fractal_squares_gapless_5,
          uniq_jessica
D:4:      layout_basic, minmay_temple_entry_tees, guppyfry_early_orc_mine

Skill      XL: |  1  2  3  4  5 |
---------------+----------------+-----
Spellcasting   | 5 |  5.2
Invocations    | 1 |  1.9
Short Blades   | 1 |  1.7
Long Blades    | 1 |  1.7
Axes           | 1 |  1.7
Maces & Flails | 1 |  1.7
Polearms       | 1 |  1.7
Staves         | 1 |  1.7
Slings         | 1 |  1.7
Bows           | 1 |  1.7
Crossbows      | 1 |  1.7
Throwing       | 1 |  1.7
Armour         | 1 |  1.7
Stealth        | 1 |  1.7
Shields        | 1 |  1.7
Evocations     | 1 |  1.7
Conjurations   | 1 |  1.3
Hexes          | 1 |  1.3
Summonings     | 1 |  1.3
Necromancy     | 1 |  1.3
Translocations | 1 |  1.3
Fire Magic     | 1 |  1.3
Ice Magic      | 1 |  1.3
Air Magic      | 1 |  1.3
Earth Magic    | 1 |  1.3
Poison Magic   | 1 |  1.3
Fighting       | 3 |  3.1
Transmutations | 4 |  4.0
Dodging        | |  4.9
Unarmed Combat | |  6.7

Action                   |  1- 3 |  4- 6 || total
-------------------------+-------+-------++-------
Melee: Unarmed           |    73 |     1 ||    74
       Kick              |    18 |    12 ||    30
       Headbutt          |     8 |     5 ||    13
       Punch             |     1 |     2 ||     3
       Hand axe          |       |    65 ||    65
       Bite              |       |     4 ||     4
 Cast: Beastly Appendage |    15 |    16 ||    31
       Wereblood         |     2 |     4 ||     6
  Use: Scroll            |     6 |     1 ||     7
 Stab: Sleeping          |       |     1 ||     1
Armor: Robe              |     6 |     8 ||    14
Dodge: Dodged            |    51 |    39 ||    90
